 Dungeon Crawl Stone Soup version 0.24.1 (webtiles) character file.

Game seed: 2118928897697652191, levelgen mode: deterministic

151 Bliebski the Ogre Mage (level 5, -8/49 HPs)
             Began as an Ogre Wizard on Mar 25, 2020.
             Killed by divine providence
             ... invoked by an orc priest
              (15 damage)
             ... on level 3 of the Dungeon.
             The game lasted 01:07:50 (4170 turns).

Bliebski the Ogre Mage (Ogre Wizard)                Turns: 4170, Time: 01:07:50

Health: -8/49      AC:  3    Str: 11    XL:     5   Next: 33%
Magic:  0/12       EV: 10    Int: 25    God:
Gold:   107        SH:  0    Dex:  7    Spells: 8/14 levels left

rFire    . . .     SeeInvis .   k - +0 hand axe
rCold    . . .     Gourm    .   (no shield)
rNeg     . . .     Faith    .   a - +0 robe
rPois    .         Spirit   .   b - +0 hat
rElec    .         Reflect  .   (no cloak)
rCorr    .         Harm     .   (gloves unavailable)
MR       .....                  (boots unavailable)
Stlth    +.........             (no amulet)
HPRegen  0.16/turn              (no ring)
MPRegen  0.13/turn              (no ring)

@: brilliant
A: large, unfitting armour, tough skin 1
a: no special abilities


You were on level 3 of the Dungeon.
You were very hungry.

You visited 1 branch of the dungeon, and saw 4 of its levels.

You collected 107 gold pieces.

Inventory:

Hand Weapons
 k - a +0 hand axe (weapon)
Missiles
 c - 13 poisoned darts
 i - 5 boomerangs (quivered)
 m - 5 curare-tipped darts
Armour
 a - a +0 robe (worn)
 b - a +0 hat (worn)
Jewellery
 h - an uncursed ring of teleportation
Scrolls
 p - a scroll of blinking {unknown}
 q - a scroll of immolation {unknown}
 s - a scroll of teleportation {unknown}
Potions
 f - a potion of mutation {unknown}
 g - a potion of magic {unknown}
 j - a potion of invisibility {unknown}
 l - a potion of agility {unknown}
 n - a potion of degeneration {unknown}
 o - a potion of haste {unknown}
 r - a potion of cancellation {unknown}
Comestibles
 d - 3 rations


   Skills:
 - Level 2.1 Fighting
 + Level 1.0 Axes
 * Level 2.8 Dodging
 - Level 1.4 Stealth
 * Level 5.0 Spellcasting
 + Level 1.2 Conjurations
   Level 0.8 Summonings
 - Level 1.3 Translocations


You had 8 spell levels left.
You knew the following spells:

 Your Spells              Type           Power        Failure   Level  Hunger
a - Magic Dart            Conj           ####         1%          1    None
b - Blink                 Tloc           N/A          1%          2    None
c - Mephitic Cloud        Conj/Pois/Air  ###.....     2%          3    ##.....

Your spell library contained the following spells:

 Spells                   Type           Power        Failure   Level  Hunger
 Call Imp                 Summ           ####....     1%          2    None
 Slow                     Hex            ###.....     1%          2    None
 Conjure Flame            Conj/Fire      ###.....     2%          3    ##.....


Dungeon Overview and Level Annotations

Branches:
Dungeon (4/15)
 Temple: D:4-7

Altars:
Dithmenos
Nemelex Xobeh
Okawaru
Qazlal

Annotations:
D:2 1 runed translucent door, Crazy Yiuf
D:3 Sigmund


Innate Abilities, Weirdness & Mutations

You are too large for most types of armour.
You have tough skin. (AC +1)


Message History

You barely miss the orc priest.
The orc priest is almost dead.
You closely miss the orc. You hit the bush. You hit the plant but do no damage.
The orc closely misses you.
The orc priest calls down the wrath of Beogh upon you.
Beogh smites you!
* * * LOW HITPOINT WARNING * * *
You feel clever all of a sudden.
The orc priest casts a cantrip, but nothing happens.
The orc closely misses you.
Casting: Magic Dart (safe; 1% risk of failure)
Confirm with . or Enter, or press ? or * to list all spells.
Aiming: Magic Dart (safe; 1% risk of failure)
Press: ? - help, Shift-Dir - straight line, f/p - orc priest
Aim: an orc priest, wielding a +0 flail (almost dead)
The magic dart hits the orc priest but does no damage.
The orc priest is almost dead.
The orc priest invokes the aid of Beogh against you.
Beogh smites you!
You die...

##### #######....
#.......###
#######.......###
##..#P............
#..P_#.........#.#
###oP..#...........[
#Ko@⌠._#...#..)....#
#.#P.......#.##.####
#.#..._#...[....#
#o##..#.....^...#
#o#######.......#
#K# #.......# #.#
######..# ## #)#
..>.... #)# .....##


You could see an orc priest, an orc and a kobold.

Vanquished Creatures
  An orc priest (D:3)
  Terence (D:2)
  4 adders (D:3)
  2 dart slugs
  A leopard gecko (D:1)
  5 orcs (D:3)
  5 giant cockroaches
  3 goblins
  7 hobgoblins
  2 quokkas
  5 bats
  2 frilled lizards
  8 kobolds
  4 rats
  A plant (D:3)
51 creatures vanquished.

Notes
Turn   | Place    | Note
-------+----------+-------------------------------------------
     0 | D:1      | Bliebski the Ogre Wizard began the quest for the Orb.
     0 | D:1      | Reached XP level 1. HP: 16/16 MP: 5/5
    57 | D:1      | Reached skill level 1 in Fighting
   165 | D:1      | Reached XP level 2. HP: 27/27 MP: 1/6
   169 | D:1      | Learned a level 2 spell: Blink
   360 | D:1      | Reached skill level 4 in Spellcasting
   931 | D:2      | Found an iron altar of Okawaru.
   968 | D:2      | Reached XP level 3. HP: 35/35 MP: 4/8
  1074 | D:2      | Noticed Terence
  1158 | D:2      | Learned a level 3 spell: Mephitic Cloud
  1243 | D:2      | Found a sparkling altar of Nemelex Xobeh.
  1319 | D:2      | Found a faded altar of an unknown god.
  1339 | D:2      | Killed Terence
  1339 | D:2      | Reached skill level 1 in Translocations
  2236 | D:2      | Found a runed translucent door.
  2237 | D:2      | Noticed Crazy Yiuf
  2288 | D:3      | Reached XP level 4. HP: 41/42 MP: 6/10
  2506 | D:3      | Noticed Sigmund
  3047 | D:3      | Reached skill level 1 in Conjurations
  3736 | D:3      | Reached XP level 5. HP: 47/49 MP: 2/12
  3756 | D:3      | Reached skill level 1 in Axes
  3756 | D:3      | Reached skill level 5 in Spellcasting
  4004 | D:3      | Found a shadowy altar of Dithmenos.
  4011 | D:3      | Found an iron altar of Okawaru.
  4072 | D:3      | Found a stormy altar of Qazlal.
  4170 | D:3      | Killed from afar by an orc priest

Levels and vault maps discovered:
D:1:      enne_arrival_octagon_isle, layout_loops_ring, hangedman_decor_push
D:2:      layout_rooms, nemelex_altar_shiori,
          chequers_ecumenical_altar_simple_redux, kennysheep_donut,
          okawaru_ov_weapons_minmay, uniq_crazy_yiuf_cottage, uniq_terence
D:3:      layout_basic, gammafunk_temple_overflow_forgotten, fedhas_altar_4,
          uniq_sigmund
D:4:      layout_layer_cave, first_ration

Skill      XL: |  1  2  3  4  5 |
---------------+----------------+-----
Fighting       | 1 2 |  2.1
Dodging        | 2 |  2.8
Spellcasting   | 4 5 |  5.0
Translocations | 1 |  1.3
Conjurations   | 1 |  1.2
Axes           | 1 |  1.0
Stealth        | |  1.4
Summonings     | |  0.8

Action                   |  1- 3 |  4- 6 || total
-------------------------+-------+-------++-------
Melee: Unarmed           |    11 |       ||    11
       Club              |    12 |       ||    12
       Hand axe          |    98 |   143 ||   241
Throw: Boomerang         |     1 |     2 ||     3
 Cast: Magic Dart        |   109 |    84 ||   193
       Mephitic Cloud    |     1 |     2 ||     3
       Blink             |       |     1 ||     1
  Use: Scroll            |       |     4 ||     4
       Potion            |       |     1 ||     1
  Eat: Chunk             |     2 |     1 ||     3
       Ration            |     1 |     1 ||     2
Armor: Robe              |    36 |    26 ||    62
Dodge: Dodged            |    73 |    46 ||   119
